 Dungeon Crawl Stone Soup version 0.29.0-5-ge4962eb29e (webtiles) character file.

Game seed: 13693487079895372957

15 Setbun the Poker (level 2, -1/22 HPs)
             Began as a Merfolk Gladiator on Aug 29, 2022.
             Slain by a kobold
             ... wielding a +0 club
              (4 damage)
             ... on level 1 of the Dungeon.
             The game lasted 00:00:24 (217 turns).

Setbun the Poker (Merfolk Gladiator)                 Turns: 217, Time: 00:00:25

Health: -1/22      AC:  4    Str: 14    XL:     2   Next: 50%
Magic:  2/2        EV: 13    Int:  7    God:
Gold:   0          SH:  0    Dex: 15    Spells: 1/1 levels left

rFire   . . .      SeeInvis .   a - +0 trident
rCold   . . .      Faith    .   (no shield)
rNeg    . . .      Spirit   .   b - +0 leather armour
rPois   .          Reflect  .   c - +0 helmet
rElec   .          Harm     .   (no cloak)
rCorr   .          Rampage  .   (no gloves)
Will    .....                   (no boots)
Stlth   +.........              (no amulet)
HPRegen 0.07/turn               (no ring)
MPRegen 0.08/turn               (no ring)

@: no status effects
A: (nimble swimmer 2), mertail
a: no special abilities


You were on level 1 of the Dungeon.
You visited 1 branch of the dungeon, and saw 1 of its levels.

Inventory:

Hand Weapons
 a - a +0 trident (weapon)
Missiles
 d - 3 throwing nets (quivered)
 e - a javelin
Armour
 b - a +0 leather armour (worn)
 c - a +0 helmet (worn)
Scrolls
 f - a scroll of identify {unknown}


   Skills:
 + Level 2.2 Fighting
 * Level 4.7 Polearms
 - Level 2.0 Throwing
 + Level 0.1 Armour
 + Level 4.3 Dodging


You had one spell level left.
You didn't know any spells.
Your spell library contained the following spells:

 Spells                   Type           Power      Damage    Failure   Level
 Gell's Gravitas          Tloc           0%         N/A       87%         3
 Teleport Other           Tloc           0%         N/A       87%         3
 Dispersal                Tloc           0%         N/A       100%        6


Dungeon Overview and Level Annotations

Branches:
Dungeon (1/15)

Altars:


Innate Abilities, Weirdness & Mutations

((You are very nimble when in or above water. (Stealth+, EV+, Speed+++)))
Your lower body shifts to a powerful aquatic tail in water.


Message History

You are too injured to fight recklessly!
You are too injured to fight recklessly!
You are too injured to fight recklessly!
You are too injured to fight recklessly!
You are too injured to fight recklessly!
You are too injured to fight recklessly!
You are too injured to fight recklessly!
You are too injured to fight recklessly!
You are too injured to fight recklessly!
You hit the giant cockroach.
The giant cockroach is severely wounded.
The giant cockroach barely misses you. The kobold hits you with a +0 club.
* * * LOW HITPOINT WARNING * * *
The kobold barely misses you.
Unknown command.
You closely miss the giant cockroach.
The giant cockroach is severely wounded.
The giant cockroach completely misses you.
The kobold barely misses you. The kobold completely misses you.
The giant cockroach closely misses you.
Unknown command.
You hit the giant cockroach.
You kill the giant cockroach!
The kobold barely misses you. The kobold hits you but does no damage.
You barely miss the kobold. The kobold closely misses you.
The kobold hits you with a +0 club.
* * * LOW HITPOINT WARNING * * *
Unknown command.
You barely miss the kobold.
The kobold hits you but does no damage. x2
You hit the kobold.
The kobold is moderately wounded.
The kobold barely misses you. The kobold closely misses you.
You hit the kobold.
You kill the kobold!
The kobold hits you with a +0 club.
* * * LOW HITPOINT WARNING * * *
You hit the quokka.
You kill the quokka!
The kobold hits you with a +0 club.
You die...

..##........
#..$.......# ..#.......#
.........# ###.......##
#..........##
#.........##.####
#######......).@)......
...##†.......#†K......
####.#..########........
.........## ##.......
#...†.....# .......
#..........# ......$
...........# .......
...........# .......
...........#


You could see a kobold.

Vanquished Creatures
  2 dart slugs (D:1)
  3 ball pythons (D:1)
  A giant cockroach (D:1)
  A kobold (D:1)
  2 quokkas (D:1)
  A bat (D:1)
  A rat (D:1)
11 creatures vanquished.

Notes
Turn   | Place    | Note
-------+----------+-------------------------------------------
     0 | D:1      | Setbun the Merfolk Gladiator began the quest for the Orb.
     0 | D:1      | Reached XP level 1. HP: 16/16 MP: 1/1
    36 | D:1      | Reached XP level 2. HP: 10/22 MP: 2/2
   217 | D:1      | Slain by a kobold

Illustrated notes

Levels and vault maps discovered:
D:1:      dpeg_arrival_simpleton_a, layout_rooms, minmay_rat_gold_closets

Action                   || total
-------------------------++-------
Melee: Trident           ||    34
       Punch             ||     1
Armor: Leather armour    ||    18
Dodge: Dodged            ||    33
